 Dungeon Crawl Stone Soup version 0.30-a0-571-gdf30a72648 (webtiles) character file.

Game seed: 6348055605952895201

410 bmack86 the Chopper (level 6, -7/56 HPs)
             Began as a Minotaur Fighter on Dec 29, 2022.
             Mangled by a hornet (13 damage)
             ... while paralysed by a hornet
             ... on level 5 of the Dungeon.
             The game lasted 00:10:17 (3246 turns).

bmack86 the Chopper (Minotaur Fighter)              Turns: 3246, Time: 00:10:18

Health: -7/56      AC:  9    Str: 22    XL:     6   Next: 58%
Magic:  5/5        EV:  2    Int:  5    God:
Gold:   194        SH:  0    Dex: 10    Spells: 5/5 levels left

rFire   x . .      SeeInvis .    a - +0 war axe
rCold   + + .      Faith    .    c - +0 buckler
rNeg    . . .      Spirit   .    b - +0 scale mail
rPois   .          Reflect  .    (helmet restricted)
rElec   .          Harm     .    h - +1 cloak {rCorr}
rCorr   +          Rampage  .    (no gloves)
Will    .....                    (no boots) Stlth
                                 (no amulet)
HPRegen 0.29/turn                e - ring of protection from cold
MPRegen 0.09/turn                r - ring of ice

@: paralysed, lethally poisoned (-7 -> -8), slowed
A: horns 2, retaliatory headbutt
a: no special abilities


You were on level 5 of the Dungeon.
You visited 1 branch of the dungeon, and saw 5 of its levels.

You collected 194 gold pieces.

Inventory:

Hand Weapons
 a - a +0 war axe (weapon)
Missiles
 f - a throwing net
 j - 2 javelins (quivered)
 n - 14 poisoned darts
Armour
 b - a +0 scale mail (worn)
 c - a +0 buckler (worn)
 h - a +1 cloak of preservation (worn)
 x - a +0 chain mail
Jewellery
 e - a ring of protection from cold (left hand)
 r - a ring of ice (right hand)
Wands
 t - a wand of flame (21)
Scrolls
 k - 3 scrolls of teleportation
 l - a scroll of fear
 m - a scroll of poison
 o - a scroll of noise
 p - a scroll of vulnerability
 q - 2 scrolls of enchant weapon
 s - a scroll of magic mapping {unknown}
 u - a scroll of butterflies {unknown}
 w - a scroll of blinking {unknown}
Potions
 d - a potion of might
 g - 2 potions of flight
 i - 2 potions of curing


   Skills:
 + Level 5.0 Fighting
 * Level 5.4 Axes
 + Level 2.0 Throwing
 + Level 4.9 Armour
 + Level 4.9 Shields


You had 5 spell levels left.
You didn't know any spells.
Your spell library contained the following spells:

 Spells                   Type           Power      Damage    Failure   Level
 Ensorcelled Hibernation  Hex/Ice        0%         N/A       95%         2
 Passwall                 Tmut/Erth      0%         N/A       95%         2
 Swiftness                Air            0%         N/A       99%         3
 Petrify                  Tmut/Erth      0%         N/A       100%        4
 Metabolic Englaciation   Hex/Ice        0%         N/A       100%        5
 Statue Form              Tmut/Erth      0%         N/A       100%        6


Dungeon Overview and Level Annotations

Branches:
Dungeon (5/15)
 Temple: D:4-7

Altars:
Fedhas
Sif Muna
Vehumet
Zin
The Shining One

Annotations:
D:2 1 runed translucent door, Crazy Yiuf
D:4 exclusion: oklob plant


Innate Abilities, Weirdness & Mutations

You have a pair of horns on your head.
You reflexively headbutt those who attack you in melee.


Message History

Found a stone staircase leading down.
A hound and a hornet come into view.
Found a glowing golden altar of the Shining One.
The hound barks!
The hornet buzzes angrily.
The hound moves out of view.
The hornet moves out of view.
Found 9 gold pieces.
The hornet stings you!
You feel yourself slow down.
An ufetubus comes into view.
Found 12 gold pieces.
The ufetubus shouts!
The hornet stings you!
You are poisoned.
You feel as though you will be slow longer.
The hornet stings you.
You suddenly lose the ability to move!
You can move again.
You closely miss the hornet.
You feel very sick.
The hornet stings you but does no damage. x2
The hornet closely misses you. You furiously retaliate!
You headbutt the hornet! You miss the hornet.
The hornet is moderately wounded.
You feel very sick.
The hornet stings you but does no damage. x2
The hornet stings you.
You shrug off the repeated paralysis!
You hit the hornet. Your headbutt misses the hornet.
The hornet is heavily wounded.
You feel sick.
The hornet stings you but does no damage.
You block the hornet's attack. The hornet barely misses you.
You barely miss the hornet.
The hornet is heavily wounded.
You feel yourself speed up.
You feel sick. The hornet stings you!
* * * LOW HITPOINT WARNING * * *
You feel yourself slow down. The hornet stings you.
* * * LOW HITPOINT WARNING * * *
You suddenly lose the ability to move!
You feel sick. The hornet barely misses you. The hornet stings you!
You die...

#.#......$#.#
#.#.$.....#. ....._....
#....... .# #...... #.#
#.#. ..h5 ....
##...####y####..#
..#.....@.....#
....>.......####
##.............. #######
#..............
###.....####.........####
#.................####
..#.....####.##.### #
..#...).###..##.# #..
#...........###.## ...#


You could see a hornet, a hound and an ufetubus.

Vanquished Creatures
  A centaur (D:4)
  A scorpion (D:4)
  A hound (D:5)
  2 jellies (D:4)
  An iguana (D:4)
  6 adders
  An ufetubus (D:3)
  A worm (D:4)
  2 dart slugs
  5 orcs (D:4)
  10 ball pythons
  5 bats
  4 endoplasms
  4 giant cockroaches
  8 hobgoblins
  3 jackals (D:1)
  5 quokkas
  8 frilled lizards
  7 goblins
  11 kobolds
  7 rats
93 creatures vanquished.

Notes
Turn   | Place    | Note
-------+----------+-------------------------------------------
     0 | D:1      | bmack86 the Minotaur Fighter began the quest for the Orb.
     0 | D:1      | Reached XP level 1. HP: 19/19 MP: 0/0
    92 | D:1      | Reached XP level 2. HP: 27/27 MP: 1/1
   382 | D:1      | Reached XP level 3. HP: 33/33 MP: 2/2
   770 | D:2      | Found a runed translucent door.
   771 | D:2      | Noticed Crazy Yiuf
   859 | D:2      | Reached XP level 4. HP: 40/40 MP: 3/3
  1531 | D:3      | Found a radiant altar of Vehumet.
  2061 | D:4      | Noticed a scorpion
  2070 | D:4      | Killed a scorpion
  2071 | D:4      | Reached skill level 1 in Throwing
  2071 | D:4      | Reached XP level 5. HP: 45/47 MP: 4/4
  2485 | D:4      | Found a blossoming altar of Fedhas.
  2504 | D:4      | Noticed an oklob plant
  2594 | D:4      | Reached skill level 5 in Axes
  2594 | D:4      | Reached XP level 6. HP: 32/53 MP: 5/5
  2704 | D:4      | Found a glowing silver altar of Zin.
  3133 | D:5      | Entered Level 5 of the Dungeon
  3181 | D:5      | Found a shimmering blue altar of Sif Muna.
  3186 | D:5      | Reached skill level 5 in Fighting
  3238 | D:5      | Found a glowing golden altar of the Shining One.
  3238 | D:5      | Noticed a hornet
  3241 | D:5      | Paralysed by a hornet for 1 turns
  3245 | D:5      | Paralysed by a hornet for 3 turns
  3246 | D:5      | Mangled by a hornet

Illustrated notes

Levels and vault maps discovered:
D:1:      lemuel_arrival_behind_the_door_small, layout_rooms
D:2:      layout_loops_ring, minmay_goblin_outpost, uniq_crazy_yiuf_cottage
D:3:      layout_basic, vehumet_altar_wand_db, minmay_quantized
D:4:      minmay_chambers_of_fours, layout_loops_ring, tgw_fedhas,
          mainiacjoe_overflow_small_starburst
D:5:      layout_rooms, old_standard_altar, mainiacjoe_overflow_cross_hatched,
          kennysheep_mini_moat, serial_shops, shop, serial_curves,
          eino_curves_02, eino_curves_02

Skill      XL: |  1  2  3  4  5  6 |
---------------+-------------------+-----
Axes           | 3 4 5 |  5.4
Shields        | 4 |  4.9
Armour         | 4 |  4.9
Fighting       | 4 5 |  5.0
Throwing       | 1 2 |  2.0

Action                   |  1- 3 |  4- 6 || total
-------------------------+-------+-------++-------
Melee: War axe           |    74 |   117 ||   191
       Headbutt          |     7 |    12 ||    19
  Use: Scroll            |     1 |     8 ||     9
Armor: Scale mail        |    45 |    75 ||   120
Dodge: Dodged            |    37 |    58 ||    95
Block: Buckler           |    15 |    40 ||    55

Table legend: (Time is in decaauts)
 A = Elapsed time spent in this place.
 B = Non-inter-level travel time spent in this place.
 C = Inter-level travel time spent in this place.
 D = Time resting spent in this place.
 E = Time spent auto-exploring this place.
 F = Levels seen in this place.
 G = Mean time per level.
                   A        B        C        D        E       F      G
               +--------+--------+--------+--------+--------+-----+--------+
         Total |   3323 |   3184 |    139 |      0 |   1677 |   5 |  664.6 |
       Dungeon |   3323 |   3184 |    139 |      0 |   1677 |   5 |  664.6 |
               +--------+--------+--------+--------+--------+-----+--------+

Top non-repeatable levels by time:
     D:4: 1123 daAuts
     D:2: 805 daAuts
     D:3: 800 daAuts
     D:1: 472 daAuts
     D:5: 121 daAuts
